 Dungeon Crawl Stone Soup version 0.21.1-1-g345015f (webtiles) character file.

494 zaxin the Magician (level 6, 0/41 HPs)
             Began as a Mummy Fire Elementalist on June 9, 2018.
             Slain by an iguana (10 damage)
             ... on level 5 of the Dungeon.
             The game lasted 00:21:19 (6453 turns).

zaxin the Magician (Mummy Fire Elementalist)        Turns: 6453, Time: 00:21:19

Health: 0/41       AC:  4    Str: 12    XL:     6   Next: 92%
Magic:  7/14       EV: 13    Int: 16    God:
Gold:   235        SH:  0    Dex: 12    Spells: 15/16 levels left

rFire    x . .     SeeInvis .   (no weapon)
rCold    + . .     Gourm    .   (no shield)
rNeg     + + +     Faith    .   a - +0 robe
rPois    ∞         Spirit   .   (no helmet)
rElec    .         Reflect  .   (no cloak)
rCorr    .         Harm     .   l - +1 pair of gloves
MR       .....                  (no boots)
Stlth    ++........             o - amulet of magic regeneration
HPRegen  0.13/turn              (no ring)
MPRegen  0.39/turn              (no ring)

@: very slightly contaminated
A: no food or potions, fire vulnerability, cold resistance 1, negative energy
resistance 3, torment resistance, unbreathing
a: no special abilities


You were on level 5 of the Dungeon.
You were not hungry.

You visited 1 branch of the dungeon, and saw 5 of its levels.

You collected 235 gold pieces.

Inventory:

Armour
 a - a +0 robe (worn)
 l - a +1 pair of gloves (worn)
Jewellery
 o - an amulet of magic regeneration (around neck)
Wands
 j - a wand of iceblast (11)
 q - a wand of digging (7)
Scrolls
 c - 7 scrolls of identify
 d - 7 scrolls of remove curse
 e - 4 scrolls of teleportation {unknown}
 f - a scroll of noise {unknown}
 g - 2 scrolls of immolation {unknown}
 h - 2 scrolls of magic mapping {unknown}
 i - a scroll of amnesia {unknown}
 k - a scroll of fear {unknown}
 m - 2 scrolls of enchant armour {unknown}
 n - a scroll of fog {unknown}
 p - a scroll of random uselessness {unknown}
Books
 b - a book of Flames

   Spells                             Type                      Level
   a - Flame Tongue                   Conjuration/Fire             1
   b - Throw Flame                    Conjuration/Fire             2
   c - Conjure Flame                  Conjuration/Fire             3
   d - Inner Flame                    Hexes/Fire                   3
   e - Sticky Flame                   Conjuration/Fire             4
   f - Fireball                       Conjuration/Fire             5


   Skills:
 + Level 0.1 Fighting
 * Level 2.6 Dodging
 + Level 1.8 Stealth
 + Level 0.1 Unarmed Combat
 * Level 5.7 Spellcasting
 * Level 2.5 Conjurations
 * Level 4.1 Fire Magic


You had 15 spell levels left.
You knew the following spells:

 Your Spells              Type           Power        Failure   Level  Hunger
a - Flame Tongue          Conj/Fire      ###..        3%          1    N/A

Dungeon Overview and Level Annotations

Branches:
Dungeon (5/15)
 Temple: D:4-7

Altars:
Hepliaklqana
Kikubaaqudgha
Makhleb
Nemelex Xobeh
Ru
Trog
Wu Jian
Xom


Innate Abilities, Weirdness & Mutations

You do not eat or drink.
Your flesh is vulnerable to fire.
You are immune to poison.
Your flesh is cold resistant. (rC+)
You are immune to negative energy. (rN+++)
You are immune to unholy pain and torment.
You can survive without breathing.


Message History

The iguana is heavily wounded.
The iguana bites you but does no damage.
Casting: Flame Tongue
Confirm with . or Enter, or press ? or * to list all spells.
Aiming: Flame Tongue
Press: ? - help, Shift-Dir - straight line, f/p - iguana
Aim: an iguana (moderately wounded)
The flame tongue hits the iguana.
The iguana is almost dead.
The iguana bites you!
* * * LOW HITPOINT WARNING * * *
Casting: Flame Tongue
Confirm with . or Enter, or press ? or * to list all spells.
Aiming: Flame Tongue
Press: ? - help, Shift-Dir - straight line, f/p - iguana
Aim: an iguana (almost dead)
You miscast Flame Tongue.
You are very lightly contaminated with residual magic.
Nothing appears to happen.
The iguana bites you!
You die...

....'...........................>
)..##........##########'####.....
##.##........# #...........<..
##.##........# #.......####...
##.##........# #.......# #...
##.##........# #.......# #.#.
...########### #.......####.#.
###### ############..............
...... .......†l@.#.......###..[.
..#### #.......##...........'....
...... +.......###.###.....##....
#.#### #.......# #..##.....######
#(# #.......# ##.##.....# # #.#
#.......# #..#.....# # ..+
##.....## ##.#.....# # †.# ######
#.#.....# # #)# #..#+#### #


You could see an iguana.

Vanquished Creatures
  An ice beast (D:5)
  A centaur (D:5)
  A scorpion (D:5)
  An iguana (D:5)
  10 gnolls
  4 adders
  A shadow imp (D:5)
  An ooze (D:3)
  An adder skeleton (D:5)
  A worm (D:3)
  A dart slug (D:2)
  4 leopard geckos
  6 orcs
  4 bats
  6 giant cockroaches
  13 goblins
  9 hobgoblins
  6 jackals
  2 quokkas
  4 ball pythons
  9 frilled lizards
  2 kobolds
  7 rats
95 creatures vanquished.

Notes
Turn   | Place    | Note
-------+----------+-------------------------------------------
     0 | D:1      | zaxin the Mummy Fire Elementalist began the quest for the Orb.
     0 | D:1      | Reached XP level 1. HP: 13/13 MP: 4/4
   134 | D:1      | Reached skill level 3 in Spellcasting
   159 | D:1      | Reached XP level 2. HP: 19/19 MP: 0/6
   657 | D:1      | Reached XP level 3. HP: 24/24 MP: 5/7
  1262 | D:2      | Found an ornate altar of the Wu Jian Council.
  1653 | D:2      | Found a burning altar of Makhleb.
  1679 | D:2      | Found a shimmering altar of Xom.
  1679 | D:2      | Found a sacrificial altar of Ru.
  1682 | D:2      | Found an ancient bone altar of Kikubaaqudgha.
  1683 | D:2      | Found a hazy altar of Hepliaklqana.
  1685 | D:2      | Found a sparkling altar of Nemelex Xobeh.
  1996 | D:2      | Reached skill level 1 in Conjurations
  2097 | D:2      | Found a shimmering altar of Xom.
  2106 | D:2      | Found a shimmering altar of Xom.
  2106 | D:2      | Found a shimmering altar of Xom.
  2305 | D:2      | Found a bloodstained altar of Trog.
  2308 | D:2      | You fall through a shaft for 2 floors!
  3180 | D:3      | Reached XP level 4. HP: 30/30 MP: 5/9
  4013 | D:3      | Reached skill level 4 in Spellcasting
  4108 | D:3      | Reached XP level 5. HP: 29/35 MP: 4/11
  5056 | D:4      | Reached skill level 5 in Spellcasting
  5223 | D:5      | Entered Level 5 of the Dungeon
  5420 | D:5      | Reached XP level 6. HP: 35/41 MP: 9/13
  5834 | D:5      | Noticed an ice beast
  5851 | D:5      | Killed an ice beast
  6453 | D:5      | Slain by an iguana

Skill      XL: |  1  2  3  4  5  6 |
---------------+-------------------+-----
Spellcasting   | 3 4 5 |  5.7
Fire Magic     | 3 4 |  4.1
Conjurations   | 1 2 |  2.5
Dodging        | 2 |  2.6
Fighting       | |  0.1
Stealth        | |  1.8
Unarmed Combat | |  0.1

Action                   |  1- 3 |  4- 6 || total
-------------------------+-------+-------++-------
Melee: Unarmed           |    19 |       ||    19
 Cast: Flame Tongue      |    89 |   173 ||   262
  Use: Scroll            |       |     2 ||     2
Armor: Robe              |    11 |    30 ||    41
Dodge: Dodged            |    48 |    87 ||   135
